 Dungeon Crawl Stone Soup version 0.29-a0-418-gc0181ea820 (webtiles) character file.

Game seed: 1334588094195123201

157255 fernweh the Sharpshooter (level 17, -1/133 HPs)
             Began as a Gnoll Wanderer on May 4, 2022.
             Was an Initiate of Gozag.
             Slain by an entropy weaver (4 damage)
             ... on level 3 of the Spider Nest on May 18, 2022.
             The game lasted 07:50:36 (51087 turns).

fernweh the Sharpshooter (Gnoll Wanderer)          Turns: 51087, Time: 07:50:36

Health: -1/133     AC: 12    Str: 15 (16) XL:     17   Next: 69%
Magic:  1/32       EV: 18    Int: 16      God:    Gozag
Gold:   277        SH:  0    Dex: 16 (17) Spells: 2/39 levels left

rFire   . . .      SeeInvis .   c - +12 glaive of Prune {vorpal}
rCold   . . .      Faith    .   (shield currently unavailable)
rNeg    + + .      Spirit   .   q - +2 leather armour {rN+}
rPois   +          Reflect  .   v - +2 helmet {Int+3}
rElec   +          Harm     .   J - scarf {+Inv}
rCorr   .          Rampage  .   U - +1 pair of gloves {Str+3}
Will    +....                   (no boots)
Stlth   +++++.....              d - amulet of Eqinoav {+Blink rElec Regen+}
HPRegen 1.12/turn               k - ring of positive energy
MPRegen 0.23/turn               D - ring of poison resistance

@: flying
A: fangs 1, strong nose, distributed training
a: Renounce Religion, Evoke Blink, Evoke Invisibility, Potion Petition, Call
Merchant, Bribe Branch


You were on level 3 of the Spider Nest.
You worshipped Gozag.
Gozag was aware of your devotion.
You visited 8 branches of the dungeon, and saw 31 of its levels.

You collected 5876 gold pieces.
You spent 2360 gold pieces at shops.
You paid 3239 gold pieces to Gozag.

Inventory:

Hand Weapons
 a - a +2 vorpal hand crossbow
 c - the +12 glaive of Prune (weapon) {vorpal}
   (You found it on level 6 of the Lair of Beasts)

   It inflicts extra damage upon your enemies.
   It halves damage taken while paralysed, petrified or unconscious.
 g - a +5 dagger of electrocution
 R - the +3 morningstar of Regicide {freeze, Str+2}
   (You bought it in a shop on level 15 of the Dungeon)

   It freezes those it strikes, dealing additional cold damage.
   It can also slow down cold-blooded creatures.
   Str:       It affects your strength (+2).
Missiles
 w - 13 javelins
 E - 3 boomerangs (quivered)
Armour
 e - +2 acid dragon scales
 p - a +2 chain mail of cold resistance
 q - a +2 leather armour of positive energy (worn)
 v - a +2 helmet of intelligence (worn)
 B - a +2 cloak of willpower
 C - a +2 scale mail of cold resistance
 J - a scarf of invisibility (worn)
 N - a +1 ring mail of fire resistance
 U - a +1 pair of gloves of strength (worn)
Magical Staves
 f - a staff of poison
 W - a staff of fire
Jewellery
 b - a +6 ring of intelligence
 d - the amulet of Eqinoav (around neck) {+Blink rElec Regen+}
   (You acquired it on level 1 of the Spider Nest)

   [amulet of regeneration]

   rElec:     It insulates you from electricity.
   +Blink:    It lets you blink.
   Regen:     It increases your rate of health regeneration.
 k - a ring of positive energy (left hand)
 r - a +6 ring of dexterity
 s - a ring of positive energy
 t - a +6 ring of dexterity
 D - a ring of poison resistance (right hand)
 K - an amulet of reflection
 O - a ring of protection from fire
Wands
 F - a wand of polymorph (8)
 H - a wand of flame (2)
 I - a wand of digging (4)
 P - a wand of charming (1)
 V - a wand of paralysis (2)
Scrolls
 u - 6 scrolls of identify
 x - 2 scrolls of silence
 z - a scroll of poison
Potions
 h - a potion of brilliance
 i - 3 potions of lignification
 j - 2 potions of ambrosia
 A - 3 potions of flight
 G - a potion of curing
 Q - a potion of invisibility
 T - a potion of resistance
Miscellaneous
 m - a phantom mirror


   Skills:
 + Level 12.2 Fighting
 + Level 11.9 Short Blades
 + Level 11.9 Long Blades
 + Level 11.9 Axes
 + Level 11.9 Maces & Flails
 + Level 11.9 Polearms
 + Level 11.9 Staves
 + Level 12.2 Slings
 + Level 11.9 Bows
 + Level 15.5 Crossbows
 + Level 12.2 Throwing
 + Level 12.2 Armour
 + Level 11.9 Dodging
 + Level 11.9 Stealth
 + Level 11.9 Shields
 + Level 11.9 Unarmed Combat
 + Level 11.9 Spellcasting
 + Level 10.1 Conjurations
 + Level 10.1 Hexes
 + Level 10.1 Summonings
 + Level 10.1 Necromancy
 + Level 10.1 Translocations
 + Level 10.1 Transmutations
 + Level 10.1 Fire Magic
 + Level 10.1 Ice Magic
 + Level 10.1 Air Magic
 + Level 10.1 Earth Magic
 + Level 10.1 Poison Magic
 + Level 12.9 Invocations
 + Level 12.2 Evocations


You had 2 spell levels left.
You knew the following spells:

 Your Spells              Type           Power      Damage    Failure   Level
a - Magic Dart            Conj           100%       1d8       1%          1
b - Mephitic Cloud        Conj/Pois/Air  41%        N/A       1%          3
c - Call Imp              Summ           41%        N/A       1%          2
d - Blink                 Tloc           82%        N/A       1%          2
e - Ice Form              Ice/Tmut       41%        N/A       1%          4
f - Hailstorm             Conj/Ice       41%        3d10      1%          4
g - Lesser Beckoning      Tloc           41%        N/A       1%          3
h - Fireball              Conj/Fire      20%        3d10      3%          5
i - Confusing Touch       Hex            41%        N/A       1%          3
j - Swiftness             Air            41%        N/A       1%          3
k - Starburst             Conj/Fire      20%        6d7       21%         6
l - Foxfire               Conj/Fire      100%       2x1d9     1%          1

Your spell library contained the following spells:

 Spells                   Type           Power      Damage    Failure   Level
 Shock                    Conj/Air       100%       1d9       1%          1
 Searing Ray              Conj           82%        2d7       1%          2
 Conjure Flame            Conj/Fire      41%        6-21      1%          3
 Inner Flame              Hex/Fire       41%        N/A       1%          3
 Portal Projectile        Hex/Tloc       82%        N/A       1%          3
 Airstrike                Air            20%        N/A       1%          4
 Flame Wave               Conj/Fire      41%        2d9       1%          4
 Fulminant Prism          Conj/Hex       20%        3d13      1%          4
 Blade Hands              Tmut           20%        N/A       3%          5
 Excruciating Wounds      Necr           20%        N/A       3%          5
 Manifold Assault         Tloc           41%        N/A       3%          5
 Yara's Violent Unravell  Hex/Tmut       20%        3d9       3%          5
 Simulacrum               Ice/Necr       20%        N/A       21%         6
 Enfeeble                 Hex            20%        N/A       75%         7
 Ignition                 Fire           20%        3d7       100%        8


Dungeon Overview and Level Annotations

Branches:
Dungeon (15/15)            Temple (1/1) D:4            Lair (6/6) D:10
  Swamp (1/4) Lair:2       Spider (4/4) Lair:3        Slime (0/5) Lair:5
    Orc (2/2) D:10            Elf (1/3) Orc:2        Vaults (0/5) D:14
 Depths (1/4) D:15

Altars:
Ashenzari
Cheibriados
Dithmenos
Elyvilon
Fedhas
Gozag
Hepliaklqana
Kikubaaqudgha
Makhleb
Nemelex Xobeh
Okawaru
Qazlal
Ru
Sif Muna
Trog
Uskayaw
Vehumet
Wu Jian
Xom
Yredelemnul
Zin
The Shining One
Beogh

Shops:
D:12 ?   D:13 *   D:15 *   Orc:2 ?(*[   Lair:1 [*

Portals:
Hell: Lair:6 Depths:1

Annotations:
Depths:1 Bai Suzhen


Innate Abilities, Weirdness & Mutations

You have very sharp teeth.
Your uncanny sense of smell can sniff out nearby items.
Your experience applies equally to all skills.


Message History

Something stings you but does no damage.
The redback closely misses you.
Casting: Blink (safe; 1% risk of failure)
Confirm with . or Enter, or press ? or * to list all spells.
You don't have enough magic to cast this spell.
Unknown command.
As you read the scroll of magic mapping, it crumbles to dust.
You feel aware of your surroundings.
You feel extremely sick.
The redback bites you but does no damage.
The entropy weaver hits you but does no damage.
The entropy weaver hits you!
* * * LOW HITPOINT WARNING * * *
The entropy weaver hits you.
* * * LOW HITPOINT WARNING * * *
The entropy weaver barely misses you. The redback misses you.
Something hits you.
* * * LOW HITPOINT WARNING * * *
You feel weakened. Something hits you!
* * * LOW HITPOINT WARNING * * *
Something stings you.
* * * LOW HITPOINT WARNING * * *
The redback bites you!
* * * LOW HITPOINT WARNING * * *
You are more poisoned.
The redback poisons you!
Unknown command.
Okay, then.
You need at least 400 gold to purchase potions right now!
You feel better.
The redback bites you but does no damage.
The entropy weaver hits you!
* * * LOW HITPOINT WARNING * * *
The entropy weaver hits you but does no damage.
The entropy weaver hits you.
* * * LOW HITPOINT WARNING * * *
The entropy weaver hits you.
You die...
Your body crumbles into a pile of gold.

#........####...^.....###.#.....#
...^#..^...#...........#.###..###
..#.#.......####..####...# *..#
....#..####.## ######....# *..#
....#..# #..#* ##......##*..###
......## *#.#.####........#*{...#
......##*#.###............##.....
......^##.#* ##.#........#.#.....
.........#* #.@s...............
....###..# #{sB...............
...## #.^## ##.s.........#^..###
..## ##..# #..#......(..#....^*
..# #..# *#...#...###.#..##..#
.## #^.###.##.#######...##*...
.#** ###.##.^##..........#**^,..
.#.* ##..#^..#..########.## **,..
^..###.#####...### #.####**,*


You could see an entropy weaver, a demonic crawler and 2 redbacks.

Vanquished Creatures
  Mara (Spider:3)
  Nikola (Spider:3)
  Arachne (Spider:4)
  Kirke (D:14)
  Donald (Orc:2)
  A storm dragon (D:8)
  An emperor scorpion (Spider:2)
  2 broodmothers
  2 very ugly things
  2 spark wasps
  Nessos (D:14)
  4 entropy weavers
  A dire elephant (Lair:6)
  Snorg (D:14)
  An ettin (shapeshifter) (D:15)
  A great orb of eyes (D:15)
  7 boulder beetles
  The ghost of Roczioh the Covert, a journeyman DsEn of Wu Jian (D:13)
  Erolcha (Orc:1)
  2 radroaches
  A death knight (D:12)
  11 hydras
  2 jorogumos (Spider:3)
  An ogre mage (D:14)
  4 two-headed ogres
  4 centaur warriors
  11 death yaks (Lair:4)
  An alligator (Lair:2)
  2 tengu warriors (D:15)
  3 orc high priests (Orc:2)
  A fire crab (Lair:6)
  A sun demon (Lair:6)
  Lodul (D:14)
  A sun moth (Spider:4)
  A skeletal warrior (D:14)
  5 steelbarb worms
  6 orb spiders
  3 pharaoh ants
  A bog body (Lair:2)
  A wizard (Lair:6)
  A swamp dragon (Spider:2)
  8 orc knights
  4 deep elf zephyrmancers (Elf:1)
  2 deep elf pyromancers (Elf:1)
  4 orc sorcerers (Orc:2)
  3 oklob plants (Lair:5)
  15 wolf spiders
  10 manticores
  20 ugly things
  6 elephants (Lair:2)
  5 cyclopes
  3 moths of wrath
  2 orange demons (Lair:6)
  2 black mambas
  A smoke demon (Lair:6)
  4 torpor snails
  3 gargoyles
  10 cane toads
  An unseen horror (D:10)
  3 centaur skeletons (D:14)
  2 demonic crawlers
  6 rime drakes
  4 yaktaurs (D:14)
  A freezing wraith (D:12)
  6 komodo dragons
  A yaktaur (shapeshifter) (D:12)
  A kobold demonologist (D:14)
  2 ice devils (Lair:6)
  2 red devils (Lair:6)
  6 trolls
  3 meliai (D:15)
  6 polar bears
  9 blink frogs
  A wolf spider simulacrum (D:14)
  The ghost of royokou the Conjurer, an amateur DgCj (D:6)
  18 tarantellas
  Grinder (D:4)
  A harpy skeleton (D:14)
  2 hornets
  4 slime creatures
  A dream sheep (Lair:6)
  A centaur simulacrum (D:14)
  13 jumping spiders
  2 shadows
  12 culicivoras
  2 wraiths
  A vampire (D:12)
  3 steam dragons
  44 yaks
  Eustachio (D:4)
  3 wyverns
  4 basilisks
  2 hogs (D:14)
  64 redbacks
  12 vampire mosquitoes
  4 swamp worms (Lair:2)
  4 wargs
  Edmund (D:5)
  15 water moccasins
  Menkaure (D:6)
  4 hell hounds (Lair:6)
  A naga (D:13)
  3 acid dragons
  17 orc warriors
  Duvessa (D:6)
  An ice beast (D:8)
  A black bear (D:6)
  15 ogres
  11 wolves (Lair:2)
  2 centaurs
  A phantom (D:6)
  7 kobold brigands
  Blork the orc (D:6)
  14 bullfrogs
  A necrophage (D:7)
  4 gnoll sergeants
  11 scorpions
  18 wights
  Dowan (D:6)
  6 killer bees (D:7)
  6 electric eels
  4 howler monkeys
  6 hounds
  4 quasits (D:6)
  A jelly (D:7)
  10 orc priests
  3 iguanas (D:5)
  12 orc wizards
  Robin (D:4)
  20 gnolls
  12 adders
  2 shadow imps
  A white imp (D:8)
  An ufetubus (D:4)
  2 worms
  2 dart slugs
  43 orcs
  2 endoplasms
  5 giant cockroaches
  17 goblins
  9 hobgoblins
  5 jackals
  5 quokkas
  7 ball pythons
  A bat (D:1)
  3 frilled lizards
  15 kobolds
  4 rats
791 creatures vanquished.

Vanquished Creatures (collateral kills)
  A ghost moth (Spider:4)
  A hydra (D:12)
  An ice dragon (Lair:1)
  A demonic crawler (Spider:4)
  A quasit (D:6)
5 creatures vanquished.

Vanquished Creatures (others)
  2 jorogumos (Spider:4)
  A pharaoh ant (Spider:3)
  A steelbarb worm (Spider:3)
  A wolf spider (Spider:4)
  A culicivora (Spider:3)
  A human (D:14)
  A redback (Spider:2)
  A wight (D:8)
  A bush (Lair:4)
  7 foxfires (Spider:3)
  32 fungi
  50 plants
99 creatures vanquished.

Grand Total: 895 creatures vanquished

Notes
Turn   | Place    | Note
-------+----------+-------------------------------------------
     0 | D:1      | Reached skill level 10 in Crossbows
     0 | D:1      | fernweh the Gnoll Wanderer began the quest for the Orb.
     0 | D:1      | fernweh set off with the following items: a +0 vorpal hand
                  | crossbow, a +0 hunting sling, 8 boomerangs, a +0 dagger, a
                  | potion of haste, a +0 leather armour
     0 | D:1      | Reached XP level 1. HP: 17/17 MP: 1/1
   314 | D:1      | Reached XP level 2. HP: 14/23 MP: 2/2
   482 | D:1      | Found a faded altar of an unknown god.
   988 | D:2      | You fall into a shaft and drop 2 floors!
   997 | D:4      | Reached XP level 3. HP: 28/28 MP: 1/3
  1004 | D:4      | Reached skill level 1 in Short Blades
  1004 | D:4      | Reached skill level 1 in Long Blades
  1004 | D:4      | Reached skill level 1 in Axes
  1004 | D:4      | Reached skill level 1 in Maces & Flails
  1004 | D:4      | Reached skill level 1 in Polearms
  1004 | D:4      | Reached skill level 1 in Staves
  1004 | D:4      | Reached skill level 1 in Bows
  1004 | D:4      | Reached skill level 1 in Dodging
  1004 | D:4      | Reached skill level 1 in Stealth
  1004 | D:4      | Reached skill level 1 in Shields
  1004 | D:4      | Reached skill level 1 in Unarmed Combat
  1004 | D:4      | Reached skill level 1 in Spellcasting
  1004 | D:4      | Reached skill level 1 in Invocations
  1004 | D:4      | Reached XP level 4. HP: 34/34 MP: 1/5
  1014 | D:4      | Noticed Robin
  1019 | D:4      | Killed Robin
  1070 | D:4      | Noticed Eustachio
  1082 | D:4      | Found a staircase to the Ecumenical Temple.
  1089 | D:4      | Reached skill level 1 in Conjurations
  1089 | D:4      | Reached skill level 1 in Hexes
  1089 | D:4      | Reached skill level 1 in Summonings
  1089 | D:4      | Reached skill level 1 in Necromancy
  1089 | D:4      | Reached skill level 1 in Translocations
  1089 | D:4      | Reached skill level 1 in Transmutations
  1089 | D:4      | Reached skill level 1 in Fire Magic
  1089 | D:4      | Reached skill level 1 in Ice Magic
  1089 | D:4      | Reached skill level 1 in Air Magic
  1089 | D:4      | Reached skill level 1 in Earth Magic
  1089 | D:4      | Reached skill level 1 in Poison Magic
  1092 | Temple   | Entered the Ecumenical Temple
  1093 | Temple   | Reached skill level 11 in Crossbows
  1093 | Temple   | Reached XP level 5. HP: 10/43 MP: 5/11
  1099 | Temple   | Reached skill level 5 in Fighting
  1099 | Temple   | Reached skill level 5 in Slings
  1099 | Temple   | Reached skill level 5 in Throwing
  1099 | Temple   | Reached skill level 5 in Armour
  1099 | Temple   | Reached skill level 5 in Evocations
  1099 | Temple   | Reached skill level 5 in Short Blades
  1099 | Temple   | Reached skill level 5 in Long Blades
  1099 | Temple   | Reached skill level 5 in Axes
  1099 | Temple   | Reached skill level 5 in Maces & Flails
  1099 | Temple   | Reached skill level 5 in Polearms
  1099 | Temple   | Reached skill level 5 in Staves
  1099 | Temple   | Reached skill level 5 in Bows
  1099 | Temple   | Reached skill level 5 in Dodging
  1099 | Temple   | Reached skill level 5 in Stealth
  1099 | Temple   | Reached skill level 5 in Shields
  1099 | Temple   | Reached skill level 5 in Unarmed Combat
  1099 | Temple   | Reached skill level 5 in Spellcasting
  1099 | Temple   | Reached skill level 5 in Invocations
  1099 | Temple   | Reached XP level 6. HP: 44/52 MP: 5/14
  1484 | D:3      | Reached XP level 7. HP: 58/58 MP: 15/15
  1495 | D:3      | Learned a level 1 spell: Magic Dart
  1633 | D:3      | Found a shimmering altar of Xom.
  1714 | D:3      | Found a broken altar of Ashenzari.
  2821 | D:4      | Noticed Grinder
  2916 | D:4      | Paralysed by Grinder for 2 turns
  2919 | D:4      | Killed Grinder
  3074 | D:4      | Reached XP level 8. HP: 64/64 MP: 16/16
  3144 | D:4      | Killed Eustachio
  3350 | D:5      | Entered Level 5 of the Dungeon
  3627 | D:5      | Learned a level 3 spell: Mephitic Cloud
  3630 | D:5      | Learned a level 2 spell: Call Imp
  3663 | D:5      | Found an ancient bone altar of Kikubaaqudgha.
  4039 | D:5      | Noticed Edmund
  4054 | D:5      | Killed Edmund
  4103 | D:5      | Reached XP level 9. HP: 70/70 MP: 17/17
  4266 | D:5      | Found a white marble altar of Elyvilon.
  4339 | D:6      | Noticed royokou's ghost (amateur DgCj)
  4348 | D:6      | Found a transporter.
  4373 | D:6      | Found a transporter.
  4452 | D:6      | Noticed Duvessa
  4452 | D:6      | Noticed Dowan
  4456 | D:6      | Killed Dowan
  4824 | D:7      | Noticed a troll
  4845 | D:7      | Killed a troll
  5271 | D:7      | Reached skill level 12 in Crossbows
  5730 | D:6      | Noticed Blork the orc
  5744 | D:6      | Killed Blork the orc
  5745 | D:6      | Reached skill level 5 in Conjurations
  5745 | D:6      | Reached skill level 5 in Hexes
  5745 | D:6      | Reached skill level 5 in Summonings
  5745 | D:6      | Reached skill level 5 in Necromancy
  5745 | D:6      | Reached skill level 5 in Translocations
  5745 | D:6      | Reached skill level 5 in Transmutations
  5745 | D:6      | Reached skill level 5 in Fire Magic
  5745 | D:6      | Reached skill level 5 in Ice Magic
  5745 | D:6      | Reached skill level 5 in Air Magic
  5745 | D:6      | Reached skill level 5 in Earth Magic
  5745 | D:6      | Reached skill level 5 in Poison Magic
  6236 | D:6      | Noticed Menkaure
  6279 | D:6      | Killed Menkaure
  6434 | D:6      | Reached XP level 10. HP: 77/77 MP: 19/19
  6450 | D:6      | Killed royokou's ghost
  8250 | D:8      | Noticed an eight-headed hydra
  8252 | D:8      | Noticed a catoblepas
  8252 | D:8      | Noticed a cyclops
  9666 | D:9      | Reached XP level 11. HP: 69/84 MP: 17/20
 10019 | D:10     | Entered Level 10 of the Dungeon
 10023 | D:10     | Found a staircase to the Lair.
 10038 | D:10     | Found a staircase to the Orcish Mines.
 10350 | D:10     | Noticed a two-headed ogre
 10443 | D:10     | Noticed a two-headed ogre
 10453 | D:10     | Killed a two-headed ogre
 10507 | D:10     | Noticed a manticore
 10630 | D:10     | Found a hide-covered altar of Uskayaw.
 10961 | D:10     | Killed a manticore
 11288 | Orc:1    | Entered Level 1 of the Orcish Mines
 11288 | Orc:1    | Noticed an orc knight
 11521 | Lair:1   | Entered Level 1 of the Lair of Beasts
 11544 | Lair:1   | Noticed an eight-headed hydra
 11550 | Lair:1   | Killed an eight-headed hydra
 11896 | Lair:1   | Noticed a seven-headed hydra
 11910 | Lair:1   | Killed a seven-headed hydra
 12255 | D:10     | Killed a two-headed ogre
 12502 | D:8      | Killed a cyclops
 12852 | D:11     | Noticed a cyclops
 12859 | D:11     | Learned a level 2 spell: Blink
 12864 | D:11     | Learned a level 4 spell: Ice Form
 12963 | D:11     | Noticed a manticore
 12970 | D:11     | Killed a manticore
 12971 | D:11     | Reached XP level 12. HP: 92/92 MP: 16/23
 13210 | D:11     | Noticed a six-headed hydra
 14272 | D:12     | Found Haxed's Magic Scroll Shoppe.
 14281 | D:12     | Bought a scroll of identify for 34 gold pieces
 14281 | D:12     | Bought a scroll of fear for 59 gold pieces
 14315 | D:12     | Found a frozen archway.
 14531 | D:12     | Noticed an eight-headed hydra
 14642 | D:13     | Noticed an eight-headed hydra
 15257 | D:13     | Noticed a centaur warrior
 15573 | D:12     | Noticed a boulder beetle
 15580 | D:12     | Killed a boulder beetle
 16216 | Orc:2    | Entered Level 2 of the Orcish Mines
 16636 | Orc:2    | Found a staircase to the Elven Halls.
 17019 | Orc:2    | Reached skill level 13 in Crossbows
 17451 | Orc:2    | Noticed Donald
 17532 | Orc:1    | Noticed Erolcha
 17605 | Orc:1    | Killed Erolcha
 17963 | Orc:2    | Killed Donald
 18362 | Orc:2    | Noticed a soul eater
 18365 | Orc:2    | Reached XP level 13. HP: 85/99 MP: 13/25
 19117 | Orc:2    | Found Udynic's Antique Armour Shoppe.
 19117 | Orc:2    | Found Fulirheg's General Store.
 19120 | Orc:2    | Found Ricyor's Magic Scroll Boutique.
 19128 | Orc:2    | Found Dauranat's Weapon Boutique.
 19142 | Orc:2    | Bought a scroll of teleportation for 42 gold pieces
 19201 | Orc:2    | Bought a scroll of teleportation for 42 gold pieces
 19201 | Orc:2    | Bought a scroll of teleportation for 42 gold pieces
 19213 | Orc:2    | Bought a distressingly furry scale mail for 288 gold pieces
 19213 | Orc:2    | Identified the +6 scale mail of the Blizzard {Dex+4} (You
                  | bought it in a shop on level 2 of the Orcish Mines)
 19242 | Orc:2    | Bought a scroll of identify for 28 gold pieces
 19631 | Orc:2    | Bought a glowing leather armour for 160 gold pieces
 19897 | D:8      | Noticed a storm dragon
 19897 | D:8      | an eight-headed hydra changed into a storm dragon
 20223 | D:6      | Killed Duvessa
 20279 | D:5      | Found a sparkling altar of Nemelex Xobeh.
 22031 | Lair:1   | Noticed an ice dragon
 23445 | Lair:1   | Upgraded the game from 0.29-a0-375-g5102b3be25 to
                  | 0.29-a0-384-g6960b1960d
 23502 | Lair:1   | Killed an ice dragon
 23793 | Lair:1   | Identified a scroll of acquirement
 23794 | Lair:1   | Acquired a +1 cloak of willpower
 24658 | Lair:2   | Learned a level 4 spell: Hailstorm
 25306 | Lair:2   | Reached XP level 14. HP: 102/108 MP: 23/27
 25572 | Lair:3   | Found a hole to the Spider Nest.
 25859 | Lair:4   | You fall into a shaft and drop 2 floors!
 25859 | Lair:6   | Entered Level 6 of the Lair of Beasts
 25871 | Lair:6   | Noticed a dire elephant
 26037 | Lair:5   | Found a staircase to the Slime Pits.
 26123 | Lair:4   | Reached skill level 10 in Invocations
 26237 | Lair:4   | Found a shadowy altar of Dithmenos.
 27119 | D:8      | Killed a storm dragon
 27243 | Temple   | Became a worshipper of Gozag Ym Sagoz the Greedy
 27784 | D:11     | HP: 3/109 [spark wasp (16)]
 28492 | D:12     | Bought a scroll of identify for 34 gold pieces
 29280 | Elf:1    | Entered Level 1 of the Elven Halls
 29361 | Elf:1    | Reached skill level 10 in Fighting
 29361 | Elf:1    | Reached skill level 10 in Slings
 29361 | Elf:1    | Reached skill level 10 in Throwing
 29361 | Elf:1    | Reached skill level 10 in Armour
 29361 | Elf:1    | Reached skill level 10 in Evocations
 29481 | Elf:1    | Noticed a deep elf annihilator
 30069 | Lair:4   | Reached skill level 14 in Crossbows
 30578 | Lair:5   | Learned a level 3 spell: Lesser Beckoning
 31148 | Lair:5   | Learned a level 5 spell: Fireball
 31645 | Lair:6   | Reached XP level 15. HP: 112/115 MP: 20/28
 32363 | Lair:6   | Learned a level 3 spell: Confusing Touch
 32371 | Lair:6   | Reached skill level 10 in Short Blades
 32371 | Lair:6   | Reached skill level 10 in Long Blades
 32371 | Lair:6   | Reached skill level 10 in Axes
 32371 | Lair:6   | Reached skill level 10 in Maces & Flails
 32371 | Lair:6   | Reached skill level 10 in Polearms
 32371 | Lair:6   | Reached skill level 10 in Staves
 32371 | Lair:6   | Reached skill level 10 in Bows
 32371 | Lair:6   | Reached skill level 10 in Dodging
 32371 | Lair:6   | Reached skill level 10 in Stealth
 32371 | Lair:6   | Reached skill level 10 in Shields
 32371 | Lair:6   | Reached skill level 10 in Unarmed Combat
 32371 | Lair:6   | Reached skill level 10 in Spellcasting
 33725 | Lair:2   | Found a staircase to the Swamp.
 34237 | Swamp:1  | Entered Level 1 of the Swamp
 34429 | Spider:1 | Entered Level 1 of the Spider Nest
 35002 | Lair:3   | Learned a level 3 spell: Swiftness
 35152 | Lair:6   | Found a burning altar of Makhleb.
 35241 | Lair:6   | Found a gateway to Hell.
 35241 | Lair:6   | Found the +12 glaive of Prune {vorpal}
 36578 | D:13     | Found Kedegil's Serpentskin Sales.
 36730 | D:13     | Bought a ring of poison resistance for 260 gold pieces
 37060 | D:13     | Found a large runed translucent door.
 37060 | D:13     | Found a large runed translucent door.
 37063 | D:13     | Noticed Roczioh's ghost (journeyman DsEn)
 38829 | D:14     | Noticed Kirke
 38863 | D:14     | Killed Kirke
 38869 | D:14     | Noticed Lodul
 38871 | D:14     | Reached XP level 16. HP: 106/125 MP: 25/30
 38878 | D:14     | Killed Lodul
 38961 | D:14     | Noticed Nessos
 38968 | D:14     | Killed Nessos
 39029 | D:14     | Noticed Snorg
 39063 | D:14     | Killed Snorg
 39924 | D:14     | Found a gate to the Vaults.
 39959 | D:15     | Entered Level 15 of the Dungeon
 40554 | Lair:1   | Bought a wizard robe for 182 gold pieces
 40554 | Lair:1   | Identified the +1 robe of Neanai {Regen+ Slay+3} (You
                  | bought it in a shop on level 1 of the Lair of Beasts)
 40578 | Lair:1   | Bought a +0 helmet of intelligence for 161 gold pieces
 40626 | Lair:1   | Bought a scroll of enchant armour for 105 gold pieces
 40709 | Lair:1   | Upgraded the game from 0.29-a0-384-g6960b1960d to
                  | 0.29-a0-392-g297d3b089c
 41224 | Spider:1 | Acquired the amulet of Eqinoav {+Blink rElec Regen+}
 44612 | Spider:3 | Noticed Mara
 44634 | Spider:3 | Noticed fernweh's illusion
 44641 | Spider:3 | Killed Mara
 44642 | Spider:3 | Reached skill level 15 in Crossbows
 44877 | Spider:4 | Entered Level 4 of the Spider Nest
 45488 | Spider:3 | Noticed Nikola
 45676 | Spider:2 | Upgraded the game from 0.29-a0-392-g297d3b089c to
                  | 0.29-a0-393-g47a863cc1b
 46224 | D:15     | Reached XP level 17. HP: 117/118 MP: 32/32
 46585 | D:15     | Found a staircase to the Depths.
 46792 | D:15     | Found Majamm's Assorted Antiques.
 46800 | D:15     | Bought a potion of curing for 93 gold pieces
 46800 | D:15     | Bought a scroll of teleportation for 93 gold pieces
 46800 | D:15     | Bought a potion of curing for 93 gold pieces
 46800 | D:15     | Bought a masterwork morningstar for 279 gold pieces
 46800 | D:15     | Identified the +3 morningstar of Regicide {freeze, Str+2}
                  | (You bought it in a shop on level 15 of the Dungeon)
 46800 | D:15     | Bought a scroll of blinking for 232 gold pieces
 47287 | Depths:1 | Entered Level 1 of the Depths
 47814 | Spider:3 | Killed Nikola
 48728 | Depths:1 | Noticed Bai Suzhen
 48887 | D:13     | Killed Roczioh's ghost
 49155 | Lair:1   | Bought a scroll of enchant weapon for 105 gold pieces
 49155 | Lair:1   | Bought a scroll of fog for 28 gold pieces
 49373 | Lair:1   | Upgraded the game from 0.29-a0-393-g47a863cc1b to
                  | 0.29-a0-418-gc0181ea820
 49898 | Spider:2 | Learned a level 6 spell: Starburst
 50202 | Spider:3 | Reached skill level 10 in Conjurations
 50202 | Spider:3 | Reached skill level 10 in Hexes
 50202 | Spider:3 | Reached skill level 10 in Summonings
 50202 | Spider:3 | Reached skill level 10 in Necromancy
 50202 | Spider:3 | Reached skill level 10 in Translocations
 50202 | Spider:3 | Reached skill level 10 in Transmutations
 50202 | Spider:3 | Reached skill level 10 in Fire Magic
 50202 | Spider:3 | Reached skill level 10 in Ice Magic
 50202 | Spider:3 | Reached skill level 10 in Air Magic
 50202 | Spider:3 | Reached skill level 10 in Earth Magic
 50202 | Spider:3 | Reached skill level 10 in Poison Magic
 50576 | Spider:4 | Noticed Arachne
 50591 | Spider:4 | Killed Arachne
 51041 | Spider:3 | Learned a level 1 spell: Foxfire
 51086 | Spider:3 | HP: 3/133 [redback (7)]
 51087 | Spider:3 | Slain by an entropy weaver

Illustrated notes

Levels and vault maps discovered:
D:1:      matt_arrival_los_fun, layout_rooms, ebering_ecumenical_altar_box,
          minmay_distorted
D:2:      layout_basic
D:3:      layout_basic, xom_butterflies, evilmike_ruin_ashenzari
D:4:      layout_rooms, minmay_temple_entry_stoned_glass, st_stairs_7,
          uniq_robin, uniq_grinder, uniq_eustachio
D:5:      layout_basic, nicolae_overflow_hidden_temple, uniq_edmund
D:6:      layout_loops_ring, gammafunk_ghost_stat_death, uniq_duvessa,
          uniq_menkaure, uniq_blork_the_orc
D:7:      layout_layer_cave
D:8:      cheibrodos_fzero, layout_loops_ring, corner_web_ring
D:9:      layout_basic
D:10:     layout_roguey, mainiacjoe_overflow_alcove_2, lair_entry_dummy,
          orc_0_dummy
D:11:     layout_stronghold
D:12:     layout_rooms, portal_ice_cave_rime, serial_shops,
          nicolae_shop_crystal, minmay_fractal_squares_gapless_7
D:13:     layout_roguey, ebering_ghost_disaster_area, guppyfry_shop_venom
D:14:     layout_roguey, hangedman_vaults_entry_quadrant_bands,
          minmay_staircase_windowed_small, uniq_lodul, uniq_nessos, uniq_kirke,
          uniq_snorg
D:15:     gammafunk_enter_depths_forms, layout_irregular_city, serial_shops,
          shop, grunt_decor_cap
Temple:   eino_temple_rhombus
Lair:1:   dragon1_lemuel, layout_small_grid
Lair:2:   layout_roguey, nicolae_swamp_entry_splash_gauntlet,
          beast_lair_carwin_3, serial_bayou_shore_a, grunt_megastairs_1
Lair:3:   layout_cave_shapes, nicolae_spider_entry_non_spiders
Lair:4:   layout_gridlike, basic_altar
Lair:5:   wander_river, layout_loops_ring, minmay_slime_entry_oklob_open
Lair:6:   evil_forest, layout_misc_corridors
Swamp:1:  layout_falls_marsh, evilmike_swamp_ruin_wall,
          infiniplex_staircase_pool_2
Spider:1: layout_spider_delve, drop_trap, nicolae_spider_webbed_stairs
Spider:2: layout_spider_delve, hangedman_spider_tarantella_strand,
          nicolae_spider_cling_halls
Spider:3: layout_chambers, drop_trap, uniq_mara, uniq_nikola
Spider:4: johnstein_spider_rune_arachne_lair
Orc:1:    layout_caves, basic_altar, abandoned_shop, uniq_erolcha
Orc:2:    st_orc_elflike, layout_caves, basic_altar, special_room, uniq_donald
Elf:1:    elf_arrival_001, layout_loops_cross, gammafunk_ghost_tricky_traps,
          hangedman_elf_represent
Depths:1: layout_big_octagon, abyss_entry, hell_entry, nrook_mini_backslash,
          hallowed_hall, uniq_bai_suzhen

Skill      XL: |  1  2  3  4  5  6  7  8  9 10 11 12 13 14 15 16 17 |
---------------+----------------------------------------------------+-----
Crossbows      | 11 12 13 14 15 | 15.5
Short Blades   | 1 4 5 6 7 8 9 10 11 | 11.9
Long Blades    | 1 4 5 6 7 8 9 10 11 | 11.9
Axes           | 1 4 5 6 7 8 9 10 11 | 11.9
Maces & Flails | 1 4 5 6 7 8 9 10 11 | 11.9
Polearms       | 1 4 5 6 7 8 9 10 11 | 11.9
Staves         | 1 4 5 6 7 8 9 10 11 | 11.9
Bows           | 1 4 5 6 7 8 9 10 11 | 11.9
Dodging        | 1 4 5 6 7 8 9 10 11 | 11.9
Stealth        | 1 4 5 6 7 8 9 10 11 | 11.9
Shields        | 1 4 5 6 7 8 9 10 11 | 11.9
Unarmed Combat | 1 4 5 6 7 8 9 10 11 | 11.9
Spellcasting   | 1 4 5 6 7 8 9 10 11 | 11.9
Invocations    | 1 4 5 6 7 8 9 10 11 12 | 12.9
Conjurations   | 3 4 5 6 7 8 9 10 | 10.1
Hexes          | 3 4 5 6 7 8 9 10 | 10.1
Summonings     | 3 4 5 6 7 8 9 10 | 10.1
Necromancy     | 3 4 5 6 7 8 9 10 | 10.1
Translocations | 3 4 5 6 7 8 9 10 | 10.1
Transmutations | 3 4 5 6 7 8 9 10 | 10.1
Fire Magic     | 3 4 5 6 7 8 9 10 | 10.1
Ice Magic      | 3 4 5 6 7 8 9 10 | 10.1
Air Magic      | 3 4 5 6 7 8 9 10 | 10.1
Earth Magic    | 3 4 5 6 7 8 9 10 | 10.1
Poison Magic   | 3 4 5 6 7 8 9 10 | 10.1
Fighting       | 4 6 7 8 9 10 11 12 | 12.2
Slings         | 4 6 7 8 9 10 11 12 | 12.2
Throwing       | 4 6 7 8 9 10 11 12 | 12.2
Armour         | 4 6 7 8 9 10 11 12 | 12.2
Evocations     | 4 6 7 8 9 10 11 12 | 12.2

Action                   |  1- 3 |  4- 6 |  7- 9 | 10-12 | 13-15 | 16-18 || total
-------------------------+-------+-------+-------+-------+-------+-------++-------
Melee: Dagger            |    63 |    50 |   319 |   753 |  1002 |    95 ||  2282
       Bite              |     7 |     5 |    33 |   111 |   217 |   112 ||   485
       Whip              |     6 |       |       |       |       |       ||     6
       Punch             |       |     3 |    11 |    56 |    86 |     6 ||   162
       Great sword       |       |       |       |       |    16 |       ||    16
       Glaive            |       |       |       |       |   177 |   617 ||   794
       Unarmed           |       |       |       |       |     1 |       ||     1
       Staff             |       |       |       |       |       |     3 ||     3
 Fire: Hand crossbow     |       |       |       |       |       |     1 ||     1
Throw: Boomerang         |    27 |    17 |    65 |    91 |   125 |   111 ||   436
       Throwing net      |       |       |       |       |     2 |       ||     2
       Javelin           |       |       |       |       |    19 |    13 ||    32
 Cast: Call Imp          |       |       |     3 |    15 |     7 |     2 ||    27
       Mephitic Cloud    |       |       |       |    50 |   112 |    61 ||   223
       Magic Dart        |       |       |       |     5 |       |       ||     5
       Blink             |       |       |       |     2 |     8 |    19 ||    29
       Lesser Beckoning  |       |       |       |       |     8 |       ||     8
       Hailstorm         |       |       |       |       |     3 |     1 ||     4
       Fireball          |       |       |       |       |    10 |    41 ||    51
       Confusing Touch   |       |       |       |       |     6 |    15 ||    21
       Foxfire           |       |       |       |       |       |     4 ||     4
       Starburst         |       |       |       |       |       |     1 ||     1
Invok: Potion Petition   |       |       |       |       |     1 |     2 ||     3
       Call Merchant     |       |       |       |       |       |     2 ||     2
 Abil: Evoke Invisibilit |       |       |       |       |     4 |     4 ||     8
Evoke: Wand              |       |       |     1 |     5 |    21 |    42 ||    69
       Phantom mirror    |       |       |       |     1 |     3 |     5 ||     9
  Use: Scroll            |     5 |       |    11 |    19 |    28 |    21 ||    84
       Potion            |       |     4 |       |    10 |    12 |    13 ||    39
 Stab: Sleeping          |       |       |    18 |    10 |    20 |    15 ||    63
       Distracted        |       |       |     1 |     2 |    11 |     7 ||    21
       Confused          |       |       |       |    27 |    76 |    38 ||   141
       Invisible         |       |       |       |     2 |    21 |     6 ||    29
       Paralysed         |       |       |       |       |       |     4 ||     4
Armor: Leather armour    |    32 |    20 |    66 |    74 |     3 |    48 ||   243
       Acid dragon scale |       |       |       |    78 |   223 |   270 ||   571
       Plate armour      |       |       |       |       |    54 |       ||    54
Dodge: Dodged            |    62 |    39 |   217 |   434 |   686 |   670 ||  2108
Block: Other             |       |       |     6 |   149 |   198 |    19 ||   372
       Reflection        |       |       |       |     2 |     3 |       ||     5

Table legend: (Time is in decaauts)
 A = Elapsed time spent in this place.
 B = Non-inter-level travel time spent in this place.
 C = Inter-level travel time spent in this place.
 D = Time resting spent in this place.
 E = Time spent auto-exploring this place.
 F = Levels seen in this place.
 G = Mean time per level.
                   A        B        C        D        E       F      G
               +--------+--------+--------+--------+--------+-----+--------+
         Total |  50489 |  47168 |   3321 |  15622 |  13920 |  31 | 1628.7 |
       Dungeon |  25397 |  23457 |   1940 |   8296 |   7867 |  15 | 1693.1 |
        Temple |    261 |    249 |     12 |      0 |    205 |   1 |  261.0 |
          Lair |  13188 |  12175 |   1013 |   4196 |   3288 |   6 | 2198.0 |
         Swamp |      6 |      6 |      0 |      0 |      0 |   1 |    6.0 |
   Spider Nest |   7643 |   7452 |    191 |   1827 |   1510 |   4 | 1910.8 |
  Orcish Mines |   3673 |   3509 |    164 |   1233 |    977 |   2 | 1836.5 |
   Elven Halls |    300 |    300 |      0 |     68 |     73 |   1 |  300.0 |
        Depths |     18 |     18 |      0 |      0 |      0 |   1 |   18.0 |
               +--------+--------+--------+--------+--------+-----+--------+

Top non-repeatable levels by time:
  Lair:2: 3950 daAuts
    D:10: 3012 daAuts
    D:14: 2841 daAuts
   Orc:2: 2781 daAuts
Spider:3: 2747 daAuts
    D:11: 2738 daAuts
    D:12: 2433 daAuts
  Lair:1: 2341 daAuts
Spider:2: 2274 daAuts
  Lair:6: 2261 daAuts
     D:7: 2227 daAuts
Spider:1: 1989 daAuts
     D:8: 1814 daAuts
  Lair:4: 1807 daAuts
     D:9: 1792 daAuts
